 Dungeon Crawl Stone Soup version 0.27.0-1-g7a089689b8 (webtiles) character file.

Game seed: 17565689938410108724

526 Sin92 the Chopper (level 7, -20/61 HPs)
             Began as a Minotaur Fighter on Aug 11, 2021.
             Demolished by an ogre (21 damage)
             ... on level 5 of the Dungeon.
             The game lasted 00:04:22 (3006 turns).

Sin92 the Chopper (Minotaur Fighter)                Turns: 3006, Time: 00:04:23

Health: -20/61     AC:  7    Str: 21    XL:     7   Next: 2%
Magic:  6/6        EV:  8    Int:  5    God:
Gold:   135        SH: 10    Dex: 11    Spells: 6/6 levels left

rFire    + . .     SeeInvis .   a - +1 war axe (elec)
rCold    + . .     Faith    .   c - +0 kite shield
rNeg     . . .     Spirit   .   b - +0 scale mail
rPois    +         Reflect  .   (helmet restricted)
rElec    +         Harm     .   (no cloak)
rCorr    +         Rampage  .   (no gloves)
Will     .....                  (no boots)
Stlth    ..........             (no amulet)
HPRegen  0.20/turn              (no ring)
MPRegen  0.10/turn              (no ring)

@: resistant, attractive
A: horns 2, retaliatory headbutt
a: no special abilities


You were on level 5 of the Dungeon.
You visited 1 branch of the dungeon, and saw 5 of its levels.

You collected 135 gold pieces.

Inventory:

Hand Weapons
 a - a +1 war axe of electrocution (weapon)
Armour
 b - a +0 scale mail (worn)
 c - a +0 kite shield (worn)
Jewellery
 o - a ring of fire
Wands
 e - a wand of polymorph (11)
Scrolls
 h - a scroll of teleportation
 n - a scroll of identify
 q - a scroll of enchant armour {unknown}
 s - a scroll of amnesia
Potions
 d - a potion of might
 g - a potion of mutation {unknown}
 i - a potion of lignification
 j - a potion of heal wounds {unknown}
 k - a potion of ambrosia
 p - a potion of flight {unknown}
 r - a potion of invisibility {unknown}


   Skills:
 + Level 5.1 Fighting
 * Level 5.6 Axes
 + Level 5.1 Armour
 + Level 3.0 Dodging
 + Level 5.0 Shields


You had 6 spell levels left.
You didn't know any spells.
Your spell library contained the following spells:

 Spells                   Type           Power      Damage    Failure   Level
 Conjure Flame            Conj/Fire      0%         6-21      100%        3
 Ignite Poison            Fire/Tmut/Pois 0%         N/A       100%        3
 Sticky Flame             Conj/Fire      0%         2d3       100%        4


Dungeon Overview and Level Annotations

Branches:
Dungeon (5/15)
 Temple: D:4-7

Altars:
Ashenzari
Cheibriados
Dithmenos
Elyvilon
Gozag
Ru
Uskayaw
Vehumet
Yredelemnul
The Shining One

Shops:
D:1 *


Innate Abilities, Weirdness & Mutations

You have a pair of horns on your head.
You reflexively headbutt those who attack you in melee.


Message History

There are monsters nearby!
You slash the bullfrog zombie!
Your headbutt misses the bullfrog zombie.
The bullfrog zombie is heavily damaged.
The bullfrog zombie hits you but does no damage.
The bullfrog zombie hits you.
The ogre hits you with a +0 giant club!!
* * * LOW HITPOINT WARNING * * *
You are too injured to fight recklessly!
There are monsters nearby!
Unknown command.
You are too injured to fight recklessly!
There are monsters nearby!
As you read the scroll of summoning, it crumbles to dust.
Wisps of shadow whirl around you... The bullfrog zombie barely misses you.
You swap places.
The bullfrog zombie hits your hound.
The ogre hits your hound with a +0 giant club!!
Your hound dies!
Your hound's corpse dissolves into shadows!
A white imp comes into view.
You barely miss the bullfrog zombie.
The bullfrog zombie is heavily damaged.
The white imp gestures at you. The puff of frost hits your phantom.
Your phantom resists.
You hit the ogre. Lightning courses through the ogre!
The ogre is severely wounded.
The bullfrog zombie hits you.
* * * LOW HITPOINT WARNING * * *
You block the ogre's attack.
Unknown command.
It was a potion of resistance.
You feel protected.
The bullfrog zombie hits you but does no damage.
The white imp closely misses your phantom.
It was a potion of attraction.
You feel attractive to monsters. The bullfrog zombie closely misses you.
The ogre hits you with a +0 giant club!!
You die...

............ .#..
............. ....
....5....... .....
.....W..... .....
..........## ......
...........##......
........Z.........#
........O@.........
..)#..<...#†....##
###....#.......
#...##....... ##.##
.....## ### ......#
......# ###....


You could see an ogre, a white imp (ally target), a bullfrog zombie and a
friendly phantom (summoned).

Vanquished Creatures
  An ice beast (D:5)
  A black bear (D:4)
  An ogre (D:4)
  A hound (D:3)
  Jessica (D:2)
  Ijyb (D:4)
  2 hound skeletons (D:4)
  8 adders
  A shadow imp (D:5)
  9 orcs
  3 ball pythons
  5 endoplasms
  A giant cockroach (D:1)
  5 goblins
  4 hobgoblins
  3 jackals (D:1)
  A quokka (D:1)
  2 bats
  2 frilled lizards
  2 kobolds
  9 rats
63 creatures vanquished.

Vanquished Creatures (collateral kills)
  A hobgoblin (D:1)
1 creature vanquished.

Grand Total: 64 creatures vanquished

Notes
Turn   | Place    | Note
-------+----------+-------------------------------------------
     0 | D:1      | Sin92 the Minotaur Fighter began the quest for the Orb.
     0 | D:1      | Reached XP level 1. HP: 19/19 MP: 0/0
    96 | D:1      | Found Ferag's General Store.
   290 | D:1      | Reached XP level 2. HP: 27/27 MP: 1/1
   303 | D:1      | Found a faded altar of an unknown god.
   632 | D:2      | Reached skill level 1 in Dodging
   841 | D:2      | Reached XP level 3. HP: 33/33 MP: 2/2
   900 | D:2      | Noticed Jessica
   903 | D:2      | Killed Jessica
   904 | D:2      | Reached XP level 4. HP: 40/40 MP: 3/3
  1368 | D:2      | Found a glowing golden altar of the Shining One.
  1805 | D:3      | Reached XP level 5. HP: 43/47 MP: 4/4
  1861 | D:3      | Found a sacrificial altar of Ru.
  1872 | D:3      | Found a radiant altar of Vehumet.
  1967 | D:3      | Found a white marble altar of Elyvilon.
  2033 | D:3      | Found a broken altar of Ashenzari.
  2184 | D:4      | Noticed Ijyb
  2185 | D:4      | Killed Ijyb
  2231 | D:4      | Noticed an ogre
  2236 | D:4      | Killed an ogre
  2237 | D:4      | Reached XP level 6. HP: 53/53 MP: 5/5
  2269 | D:4      | Reached skill level 5 in Axes
  2438 | D:4      | Found an opulent altar of Gozag.
  2537 | D:4      | Found a shadowy altar of Dithmenos.
  2849 | D:4      | Found a basalt altar of Yredelemnul.
  2849 | D:4      | Found a snail-covered altar of Cheibriados.
  2850 | D:4      | Found a hide-covered altar of Uskayaw.
  2885 | D:5      | Entered Level 5 of the Dungeon
  2890 | D:5      | Noticed an ice beast
  2894 | D:5      | Reached skill level 5 in Armour
  2896 | D:5      | Killed an ice beast
  2897 | D:5      | Reached skill level 5 in Fighting
  2897 | D:5      | Reached skill level 5 in Shields
  2897 | D:5      | Reached XP level 7. HP: 6/61 MP: 6/6
  3004 | D:5      | HP: 1/61 [bullfrog zombie (6)]
  3006 | D:5      | Demolished by an ogre

Illustrated notes

Levels and vault maps discovered:
D:1:      dpeg_arrival_round_b, layout_basic, ebering_ecumenical_altar_box,
          serial_shops, nicolae_square_shop
D:2:      layout_loops_corners, basic_altar, uniq_jessica
D:3:      layout_basic, mainiacjoe_overflow_tiny_flanked, elyvilon_altar_4,
          amethyst_overflow_temple_binary, eino_tiny_chamber
D:4:      layout_gridville, nicolae_overflow_hidden_temple,
          mainiacjoe_overflow_catwalk_spiral, minmay_splitting_lines,
          minmay_misc_feat_plants, uniq_ijyb
D:5:      layout_cave_pools, gammafunk_ghost_cemetery, cheibrodos_gnoll_hut

Skill      XL: |  1  2  3  4  5  6 |
---------------+-------------------+-----
Axes           | 3 4 5 |  5.6
Dodging        | 1 2 3 |  3.0
Fighting       | 4 5 |  5.1
Armour         | 4 5 |  5.1
Shields        | 4 5 |  5.0

Action                   |  1- 3 |  4- 6 |  7- 9 || total
-------------------------+-------+-------+-------++-------
Melee: War axe           |    33 |    97 |     5 ||   135
       Headbutt          |     5 |    13 |     1 ||    19
  Use: Scroll            |     2 |     5 |     1 ||     8
       Potion            |       |       |     4 ||     4
Armor: Scale mail        |    15 |    47 |     2 ||    64
       Skin              |       |       |    16 ||    16
Dodge: Dodged            |    10 |    24 |     3 ||    37
Block: Kite shield       |    15 |    54 |     9 ||    78
